[Event "*** Titled Tuesday 3|2 Blitz"]
[Site "Chess.com"]
[Date "2016.09.06"]
[Round "1"]
[White "Rating-Schmating"]
[Black "Iball95"]
[Result "0-1"]
[WhiteElo "2229"]
[BlackElo "2529"]
[TimeControl "180+2"]
[EndTime "11:10:27 PDT"]
[Termination "Iball95 won by checkmate"]

1. e4 e6 2. d4 d5 3. Nd2 Nc6 4. Ngf3 Nf6 5. Bd3 Nb4 6. exd5 Nxd3+ 7. cxd3 Qxd5 8. O-O Be7 9. Qe2 O-O 10. Ne4 b6 11. Nc3 Qh5 12. Bf4 Bd6 13. Ne5 Qxe2 14. Nxe2 Bb7 15. Nc4 Bxf4 16. Nxf4 Rfd8 17. Ne2 Ba6 18.
Rac1 Rac8 19. Ne5 Rd6 20. Nc6 Bxd3 21. Ne7+ Kf8 22. Nxc8 Bxe2 23. Nxd6 Bxf1 24. Kxf1 cxd6 25. Rc7 a5 26. Rb7 Nd5 27. Rd7 h5 28. Rxd6 Ke7 29. Rc6 Kd7 30. Rc2 g6 31. a3 Nf6 32. f3 Nd5 33.
Kf2 Nf4 34. Rd2 Kd6 35. g3 Nd5 36. Rc2 Kd7 37. Ke2 Ne7 38. g4 h4 39. h3 g5 40.
Kd3 Nd5 41. Rf2 Nf4+ 42. Ke4 Nxh3 43. Rh2 Nf4 44. b4 axb4 45. axb4 Nd5 46. b5 Nc3+ 47.
Ke5 Ke7 48. d5 f6+ 49. Kd4 Nxb5+ 50. Kc4 Nd6+ 51. Kd4 Nb5+ 52. Kc4 Nd6+ 53. Kd4 Nf7 54. dxe6 Kxe6 55. f4 gxf4 56. Rxh4 Ne5 57. Ke4 f3 58. Ke3 Kd5 59. Rh8 b5 60. Rf8 b4 61. Rd8+ Kc5 62.
Rc8+ Kd5 63. Rd8+ Kc4 64. Rc8+ Kb3 65. Re8 Nxg4+ 66. Kxf3 Ne5+ 67. Ke4 Kc3 68. Kf5 b3 69. Kxf6 b2 70. Rc8+ Kd2 71. Rd8+ Ke2 72. Kxe5 b1=Q 73. Rd4 Qb2 74. Kd5 Ke3 75. Re4+ Kd3 76. Re5 Qb5+ 77. Ke6 Qc6+ 78. Kf5 Kd4 79. Re6 Qd7 80. Kf6 Kd5 81.
Re5+ Kd6 82. Rf5 Qe7+ 83. Kg6 Ke6 84. Rh5 Qf7+ 85. Kh6 Qg8 86. Rg5 Qh8+ 87. Kg6 Qh4 88. Rh5 Qe4+ 89. Kg5 Qg2+ 90. Kf4 Qf2+ 91. Kg5 Qg3+ 92.
Kh6 Kf6 93. Rf5+ Kxf5 94. Kh7 Kf6 95. Kh8 Kf7 96. Kh7 Qh3# 0-1

[Event "*** Titled Tuesday 3|2 Blitz"]
[Site "Chess.com"]
[Date "2016.09.06"]
[Round "1"]
[White "maciek_92"]
[Black "roldieyi"]
[Result "1-0"]
[WhiteElo "2519"]
[BlackElo "2217"]
[TimeControl "180+2"]
[EndTime "11:10:41 PDT"]
[Termination "maciek_92 won by resignation"]

1. c4 Nf6 2. g3 e6 3. Nf3 d5 4. Bg2 Be7 5. O-O O-O 6. b3 b6 7.
Bb2 Bb7 8. d4 Ne4 9. Qc2 Nd7 10.
Nfd2 f5 11. f3 Nxd2 12. Nxd2 c5 13. e3 Bf6 14. Rfd1 cxd4 15. exd4 e5 16. cxd5 exd4 17.
Qxf5 Nc5 18. Ne4 Qxd5 19. Qxd5+ Bxd5 20. Nxf6+ Rxf6 21. Bxd4 Rd6 22. Bxc5 bxc5 23. Rac1 Rad8 24. Rxc5 Be6 25. Rxd6 Rxd6 26. Rc2 Bf5 27. Re2 Rd1+ 28. Kf2 Bd3 29. Rb2 Kf7 30. f4 Kf6 31. Ke3 Bf5 32.
Bf3 Re1+ 33. Kd4 Re8 34. Re2 Rd8+ 35. Kc5 g6 36. Bd5 h5 37. b4 h4 38. a4 hxg3 39.
hxg3 Rc8+ 40. Kd4 Rc1 41. a5 Rb1 42. Kc3 Rc1+ 43. Kb3 Rd1 44. Bc4 Rf1 45. Re3 Rb1+ 46. Kc3 Rc1+ 47. Kd4 Rb1 48. Kc5 Rc1 49. b5 Bb1 50.
Kb4 Bf5 51. Rc3 Rb1+ 52. Kc5 Ke7 53. b6 axb6+ 54. axb6 Kd7 55. Re3 Rc1 56. Kb5 Rb1+ 57.
Rb3 Rc1 58. Be2 Kc8 59. Bf3 Bd7+ 60. Kb4 Kb8 61. Rc3 Rb1+ 62. Kc5 Rg1 63. Ra3 Rc1+ 64. Kd6 Bc6 65. Bxc6 Rd1+ 66. Bd5 Rxd5+ 67. Kxd5 Kb7 68. Rb3 1-0

[Event "*** Titled Tuesday 3|2 Blitz"]
[Site "Chess.com"]
[Date "2016.09.06"]
[Round "1"]
[White "wonderfultime"]
[Black "Pudor"]
[Result "1-0"]
[WhiteElo "2667"]
[BlackElo "2367"]
[TimeControl "180+2"]
[EndTime "11:10:42 PDT"]
[Termination "wonderfultime won by checkmate"]

1. d4 Nf6 2. c4 d6 3. Nf3 Nbd7 4. Nc3 e5 5. g3 g6 6. Bg2 Bg7 7. O-O O-O 8. Qc2 exd4 9. Nxd4 Re8 10. Rd1 c6 11. b3 Qe7 12. Ba3 Nc5 13. Rac1 a5 14.
h3 h5 15. Qd2 Kh7 16. e3 Bh6 17. Re1 Nce4 18. Nxe4 Nxe4 19. Qc2 Ng5 20. Kh2 h4 21. g4 c5 22. Nb5 f5 23. f4 Ne4 24. Bxe4 fxe4 25. Rcd1 d5 26. cxd5 g5 27. d6 Qf7 28.
f5 Rd8 29. Bxc5 Bg7 30. Bd4 Bd7 31. Nc7 Rac8 32. Qxe4 Bc6 33. Qe6 Rxc7 34. Bxg7 Qxe6 35. fxe6 Rxg7 36. e4 Rg6 37. e7 Rdxd6 38. Rxd6 Rxd6 39. Rc1 Re6 40. Rc5 Rxe7 41. Rxg5 Rxe4 42. Rxa5 Re2+ 43.
Kg1 Rg2+ 44. Kf1 Kg6 45. Rh5 Rxa2 46. Rxh4 Rb2 47. Rh8 Rxb3 48. Kf2 Rb2+ 49. Kg3 Rb3+ 50. Kf4 Rb4+ 51. Kg3 Rb3+ 52. Kf4 Rb1 53. h4 Rf1+ 54. Ke5 Rg1 55. Kf4 Rf1+ 56. Ke5 b5 57. Rc8 Bf3 58. Rg8+ Kh6 59. g5+ Kh5 60. Rh8+ Kg4 61. g6 Re1+ 62. Kf6 Bd5 63. g7 b4 64. h5 Rf1+ 65. Ke5 b3 66. Kxd5 Rd1+ 67. Kc4 b2 68. g8=Q+ Kh4 69. Qb8 b1=Q 70.
Qh2+ Kg5 71. Rg8+ Kh6 72. Qf4+ Kh7 73. Qf7+ Kh6 74. Qg7+ Kxh5 75. Qg5# 1-0

[Event "*** Titled Tuesday 3|2 Blitz"]
[Site "Chess.com"]
[Date "2016.09.06"]
[Round "1"]
[White "DeviatkinAndrey"]
[Black "FearlessKing64"]
[Result "1-0"]
[WhiteElo "2611"]
[BlackElo "2336"]
[TimeControl "180+2"]
[EndTime "11:10:42 PDT"]
[Termination "DeviatkinAndrey won on time"]

1. Nf3 Nf6 2. b3 g6 3. Bb2 Bg7 4. c4 O-O 5. g3 c5 6. Bg2 Nc6 7. O-O d5 8. cxd5 Nxd5 9. Bxg7 Kxg7 10. Qc1 Qd6 11. Rd1 e5 12. Na3 f6 13. Nb5 Qe7 14. Nc3 Nc7 15. e3 Rb8 16. d4 cxd4 17. exd4 e4 18.
d5 exf3 19. d6 Qd8 20. dxc7 Qxc7 21. Nd5 Qf7 22. Bxf3 Be6 23. Nf4 Rbc8 24. Nxe6+ Qxe6 25. Bd5 Qe7 26. Qf4 Ne5 27. Rd2 Rfd8 28. Rad1 b6 29. h3 Rd7 30. Bg2 Rcd8 31. Rxd7 Rxd7 32. Rxd7 Qxd7 33.
Kh2 Nd3 34. Qe3 Nc5 35. b4 Ne6 36. h4 Nd4 37. a3 Nf5 38. Qe4 h5 39. Bh3 Kf7 40. Kg2 Qe6 41. Qxe6+ Kxe6 42. Kf3 Ke5 43.
Ke2 Nd4+ 44. Kd3 Nb5 45. a4 Nd6 46. Bd7 Ne4 47. Ke3 Nd6 48. Bc6 Nf5+ 49. Kd3 Kd6 50. Be8 Ne7 51. Ke4 Ke6 52. f3 Kd6 53. Bf7 f5+ 54.
Kf4 Nc6 55. Bxg6 Nxb4 56. Bxh5 Ke6 57. Kg5 Nd5 58. Bg6 Ne7 59. Bh7 a6 60. g4 fxg4 61. fxg4 b5 62. axb5 axb5 63. Bd3 b4 64. Bc4+ Ke5 65. h5 Kd4 66. Ba2 Kc3 67. h6 b3 68.
Bxb3 Kxb3 69. h7 Nd5 70. h8=Q 1-0

[Event "*** Titled Tuesday 3|2 Blitz"]
[Site "Chess.com"]
[Date "2016.09.06"]
[Round "1"]
[White "MattyDPerrine"]
[Black "SavelijTartakover"]
[Result "0-1"]
[WhiteElo "2206"]
[BlackElo "2521"]
[TimeControl "180+2"]
[EndTime "11:11:13 PDT"]
[Termination "SavelijTartakover won on time"]

1. d4 Nf6 2. c4 g6 3. Nf3 Bg7 4. g3 O-O 5. Bg2 c5 6. O-O cxd4 7. Nxd4 Nc6 8. Nc3 Qa5 9. Nc2 d6 10. e4 Bg4 11. f3 Be6 12. Ne3 Rfc8 13. Bd2 Nd7 14. Rc1 Qd8 15. b3 Nc5 16. Ncd5 a5 17.
Bc3 Nb4 18. Bxg7 Kxg7 19. a3 Nxd5 20. exd5 Bd7 21. b4 axb4 22. axb4 Na4 23. Qd4+ Kg8 24. c5 dxc5 25. bxc5 Qa5 26. c6 bxc6 27. dxc6 Bxc6 28.
Rxc6 Rxc6 29. f4 Rd6 30. Nd5 Rxd5 31. Qxd5 Qxd5 32. Bxd5 Rd8 33. Bc6 Nc3 34. Re1 Rd1 35.
Rxd1 Nxd1 36. Kg2 Kg7 37. Kf3 Kf6 38. g4 g5 39. fxg5+ Kxg5 40. Kg3 h6 41. h4+ Kf6 42. Kf4 e5+ 43. Ke4 Nf2+ 44. Kf3 Nd3 45. Ke4 Nc5+ 46. Kd5 Ne6 47. Ke4 Nc5+ 48. Kd5 Nd3 49. Ke4 Nf2+ 50. Kf3 Nh3 51. Ke4 Nf4 52. g5+ Ke6 53. Be8 h5 54. Bb5 Ng6 55. Bc4+ Ke7 56. Be2 Nxh4 57. Bxh5 Ke6 58.
Bg4+ Kd6 59. Bh5 Ng6 60. Bg4 Ke7 61. Bf5 Kd6 62. Bg4 Ne7 63. Bh5 Ng6 64. Bg4 Nf8 65. Bf5 Ne6 66. g6 f6 67. Bg4 Ng7 68. Bh3 Ke7 69. Bg4 Kf8 70. Bh3 Nh5 0-1

[Event "*** Titled Tuesday 3|2 Blitz"]
[Site "Chess.com"]
[Date "2016.09.06"]
[Round "1"]
[White "nonscitis"]
[Black "ZapataCharlesS"]
[Result "1/2-1/2"]
[WhiteElo "2340"]
[BlackElo "2591"]
[TimeControl "180+2"]
[EndTime "11:11:42 PDT"]
[Termination "Game drawn by agreement"]

1. e4 e5 2. Nf3 Nc6 3. d4 exd4 4. Bc4 Nf6 5. O-O Nxe4 6. Re1 d5 7. Bxd5 Qxd5 8.
Nc3 Qd8 9. Rxe4+ Be7 10. Nxd4 O-O 11. Nxc6 bxc6 12. Qxd8 Bxd8 13. Bf4 Be6 14. Rae1 Rb8 15. b3 c5 16. Na4 c4 17. Nc5 cxb3 18. cxb3 Bf5 19.
Re8 Bf6 20. Rxb8 Rxb8 21. Bxc7 Rc8 22. Bd6 h5 23. Na4 Rc2 24. Bc5 a6 25. a3 Be6 26. b4 h4 27. h3 Ra2 28. Nb6 Rxa3 29. b5 Ra5 30. bxa6 Rxa6 31. Rb1 Bf5 32. Rd1 Ra5 33.
Be3 Be6 34. Nd7 Be7 35. Nb6 Ra2 36. Nd5 Ba3 37. Nf4 Bf5 38. Nd3 Kh7 39. Ne1 f6 40.
Nf3 g5 41. Nd4 Bc8 42. Nf3 Kg6 43. Nd4 Bb7 44. Nb5 Bf8 45. Nd6 Ba8 46. Nc4 Bb4 47.
Nb6 Bc6 48. Nd5 Bf8 49. Nc3 Rc2 50. Rc1 Rxc1+ 51. Bxc1 Bb4 52. Nd1 f5 53. Ne3 f4 54.
Nc4 Bc3 55. Bd2 Bd4 56. Na5 Bd5 57. Kf1 f3 58. gxf3 Bxf3 59. Nc4 Bd5 60. Ne3 Be6 61. Kg1 Bxh3 62. Kh2 Be6 63. f3 Be5+ 64. Kg2 Bf4 65. Nf1 Kf5 66. Ne3+ Kg6 67. Nf1 Bc7 68. Be3 Bd5 69. Bg1 g4 70. Nh2 Bxh2 71. Kxh2 Bxf3 72. Bf2 Kh5 73. Be1 Bb7 74. Bf2 Bc6 75. Be1 Kg5 76.
Bf2 Bd5 77. Be1 Be4 78. Bf2 Bd5 79. Be1 Bc6 80. Bf2 Bb7 81. Be1 Kf4 82. Bxh4 g3+ 83. Bxg3+ Kf3 1/2-1/2

[Event "*** Titled Tuesday 3|2 Blitz"]
[Site "Chess.com"]
[Date "2016.09.06"]
[Round "1"]
[White "AnastasiaProtopopova"]
[Black "VMikhalevski"]
[Result "0-1"]
[WhiteElo "2059"]
[BlackElo "2436"]
[TimeControl "180+2"]
[EndTime "11:12:27 PDT"]
[Termination "VMikhalevski won on time"]

1. d4 Nf6 2. c4 g6 3. Nc3 d5 4. Bf4 Bg7 5. e3 O-O 6. Rc1 c6 7. cxd5 Nxd5 8. Bg3 Qa5 9. Qd2 Rd8 10. Nxd5 Qxd2+ 11. Kxd2 Rxd5 12. Bc4 Rd8 13. Nf3 Nd7 14. Ng5 e6 15.
Bc7 Re8 16. Ne4 Nb6 17. Bb3 Nd5 18. Bg3 f5 19. Nd6 Rd8 20. Nxc8 Raxc8 21. Ke2 g5 22. h4 g4 23. f3 gxf3+ 24. gxf3 Kf7 25. Bf2 Bh6 26.
Rcg1 Rg8 27. Rxg8 Rxg8 28. Rg1 Re8 29. Bc2 Kf6 30. h5 Bg5 31. e4 Nf4+ 32. Kf1 h6 33. e5+ Kf7 34. Rh1 Rd8 35. Be3 Nh3 36. Bxg5 Nxg5 37.
f4 Nf3 38. Kf2 Nxd4 39. Bd3 Rg8 40. Rc1 b6 41. Ke3 c5 42. b4 Rg3+ 43. Kd2 Rg2+ 44. Ke3 Rg3+ 45. Kd2 cxb4 46. Rc7+ Kf8 47. Rxa7 Rf3 48.
Rd7 Nc6 49. Rd6 Ne7 50. Rxe6 Rxf4 51. Rxh6 Nd5 52. Rd6 Rd4 53. Kc2 f4 54. Bg6 Kg7 55.
Rd7+ Kh6 56. Rh7+ Kg5 57. e6 f3 58. e7 Nf6 59. Rf7 Rc4+ 60. Kb3 Rc3+ 61. Kxb4 Nd5+ 62. Kb5 Re3 63. Rf5+ Kg4 64. Rxd5 Rxe7 65. h6 f2 66. Rd1 Re1 67. h7 Rxd1 68. h8=Q f1=Q+ 69. Kxb6 Qf2+ 70. Kb7 Qf3+ 71. Kb8 Qf4+ 72. Kb7 Qb4+ 73. Ka8 Qa5+ 74. Kb8 Rd8+ 0-1

[Event "*** Titled Tuesday 3|2 Blitz"]
[Site "Chess.com"]
[Date "2016.09.06"]
[Round "1"]
[White "ftorodent"]
[Black "macko06"]
[Result "1/2-1/2"]
[WhiteElo "2470"]
[BlackElo "2180"]
[TimeControl "180+2"]
[EndTime "11:13:39 PDT"]
[Termination "Game drawn - insufficient material"]

1. d4 Nf6 2. c4 e6 3. Nf3 b6 4. g3 Ba6 5. Qb3 Bb7 6. Bg2 Be7 7. O-O O-O 8. Re1 d5 9. cxd5 Bxd5 10. Qc2 Nbd7 11. Nc3 Bb7 12. e4 c5 13. Be3 cxd4 14. Nxd4 Bc5 15. Rad1 Qe7 16. Bg5 h6 17. Bxf6 Nxf6 18.
e5 Nh7 19. Bxb7 Qxb7 20. Qe4 Rab8 21. Qxb7 Rxb7 22. h4 Rd8 23. Nb3 Rxd1 24. Rxd1 Be7 25. Ne4 Nf8 26. Rc1 f6 27. exf6 gxf6 28. Rc8 Kf7 29. Nd4 f5 30. Nc3 Bf6 31. Nc6 Rd7 32.
Ra8 a5 33. Rb8 Rd2 34. Rb7+ Kg6 35. Na4 Bxb2 36. Rxb6 Bf6 37. a3 Ra2 38. Rb3 Nd7 39. Nc3 Rc2 40. Nxa5 Rxc3 41. Rxc3 Bxc3 42. Nc6 Nc5 43.
f3 Kf7 44. g4 Ke8 45. gxf5 exf5 46. Kg2 Kd7 47. Na7 Ke6 48. Kf2 Ke5 49. Nc6+ Kf4 50.
Nd8 Bd4+ 51. Ke2 Kg3 52. Nf7 h5 53. Nd6 f4 54. Nf5+ Kh3 55. Nxd4 Kxh4 56. Kf2 Kg5 57. Ne2 Kf5 58. Nc3 Ke5 59. Kg2 Kd4 60. Nb5+ Ke3 61. Nc7 Kd4 62. Ne8 Ke5 63. Nc7 Kf5 64. Nb5 Ke5 65. Na7 Kd4 66. Nc6+ Ke3 67. Ne7 Nd3 68. Nf5+ Ke2 69. Nd4+ Ke3 70. Nc2+ Ke2 71.
Nb4 Ne1+ 72. Kh3 Nxf3 73. a4 Nd4 74. Nd5 f3 75. Nf4+ Ke3 76. Nxh5 f2 77. Ng3 Kf3 78.
a5 Ne2 79. Nf1 Nf4+ 80. Kh2 Ke2 81. Ng3+ Ke1 82. a6 Ne2 83. a7 Nxg3 84. a8=Q f1=Q 85. Qa1+ Kf2 86. Qxf1+ Nxf1+ 1/2-1/2

[Event "*** Titled Tuesday 3|2 Blitz"]
[Site "Chess.com"]
[Date "2016.09.06"]
[Round "2"]
[White "chessdude"]
[Black "RodinMihail"]
[Result "1-0"]
[WhiteElo "2356"]
[BlackElo "2319"]
[TimeControl "180+2"]
[EndTime "11:16:40 PDT"]
[Termination "chessdude won by resignation"]

1. e4 e5 2. Nf3 Nc6 3. Bb5 a6 4. Ba4 Bc5 5. O-O Nge7 6. c3 Ba7 7. d4 exd4 8. cxd4 d5 9. exd5 Nxd5 10. Re1+ Be6 11. Bxc6+ bxc6 12. Nbd2 O-O 13. Ne4 h6 14. h3 Re8 15. b3 Bf5 16. Ng3 Bh7 17. Ba3 Qf6 18.
Qd2 Nf4 19. Rxe8+ Rxe8 20. Re1 Rd8 21. Qe3 Nd5 22. Qe8+ 1-0

[Event "*** Titled Tuesday 3|2 Blitz"]
[Site "Chess.com"]
[Date "2016.09.06"]
[Round "2"]
[White "popov_m"]
[Black "chorejason"]
[Result "1-0"]
[WhiteElo "2142"]
[BlackElo "2028"]
[TimeControl "180+2"]
[EndTime "11:16:41 PDT"]
[Termination "popov_m won by resignation"]

1. Nf3 Nf6 2. c4 g6 3. Nc3 Bg7 4. e4 O-O 5. d4 d6 6. Be2 e5 7.
O-O Nc6 8. d5 Ne7 9. Ne1 Nd7 10.
f3 f5 11. g4 Nf6 12. h4 fxg4 13. fxg4 h5 14. g5 Ng4 15. Rxf8+ Qxf8 16. Nf3 c6 17. Bd2 Qd8 18. Qb3 b5 19. dxc6 Qb6+ 20. c5+ 1-0

[Event "*** Titled Tuesday 3|2 Blitz"]
[Site "Chess.com"]
[Date "2016.09.06"]
[Round "2"]
[White "CraiggoryC"]
[Black "goingin33"]
[Result "0-1"]
[WhiteElo "2019"]
[BlackElo "2138"]
[TimeControl "180+2"]
[EndTime "11:17:28 PDT"]
[Termination "goingin33 won by checkmate"]

1. e4 e6 2. d4 d5 3. Nd2 Be7 4. Ngf3 Nf6 5. e5 Nfd7 6. Bd3 c5 7. c3 Nc6 8. O-O g5 9. h3 h5 10. dxc5 g4 11. hxg4 hxg4 12. Nd4 Ndxe5 13. Bb5 Bxc5 14. f4 Qh4 15. Re1 g3 16. Kf1 Qh1+ 17. Ke2 Qxg2+ 18. Ke3 Qf2# 0-1

[Event "*** Titled Tuesday 3|2 Blitz"]
[Site "Chess.com"]
[Date "2016.09.06"]
[Round "2"]
[White "Yaacovn"]
[Black "Iuri_Shkuro"]
[Result "0-1"]
[WhiteElo "2651"]
[BlackElo "2494"]
[TimeControl "180+2"]
[EndTime "11:17:33 PDT"]
[Termination "Iuri_Shkuro won by resignation"]

1. d4 Nc6 2. Nf3 d6 3. d5 Nb8 4. e4 Nf6 5. Nc3 g6 6. h3 Bg7 7.
Be2 O-O 8. O-O c6 9. Be3 b5 10. dxc6 b4 11. Nd5 Nxc6 12. Nd4 Bb7 13. Nxf6+ Bxf6 14. f3 d5 15. exd5 Qxd5 16. c4 Qe5 17. Nc2 Rfd8 18.
Qc1 Qxb2 19. Rb1 Qxa2 20. Rf2 b3 0-1

[Event "*** Titled Tuesday 3|2 Blitz"]
[Site "Chess.com"]
[Date "2016.09.06"]
[Round "2"]
[White "Rating-Schmating"]
[Black "dusanacns"]
[Result "0-1"]
[WhiteElo "2227"]
[BlackElo "2545"]
[TimeControl "180+2"]
[EndTime "11:18:08 PDT"]
[Termination "dusanacns won by resignation"]

1. e4 g6 2. Nf3 Bg7 3. d4 d6 4. Nc3 Nf6 5. h3 O-O 6. Be3 a6 7. Be2 b5 8. a3 Bb7 9. e5 Nfd7 10.
exd6 cxd6 11. O-O Nc6 12. d5 Nce5 13. Nxe5 Nxe5 14. f4 Nd7 15. Bd4 Bxd4+ 16. Qxd4 Qb6 17. Qxb6 Nxb6 18. Rad1 Rfc8 19. Rd4 Rc5 20. Rfd1 Rac8 21. Bf3 Rxc3 22. bxc3 Rxc3 23. Re1 Kf8 24. Rde4 Nxd5 25. Rd4 e6 26. Red1 Rxc2 27. a4 Ke7 28. axb5 axb5 29. Rb1 Nc3 30. Re1 Bxf3 31. gxf3 Kd7 32. Rb4 Kc6 33. Re3 Nd5 34. Reb3 Nxb4 35. Rxb4 Kc5 36. Re4 b4 37. Re2 Rxe2 0-1

[Event "*** Titled Tuesday 3|2 Blitz"]
[Site "Chess.com"]
[Date "2016.09.06"]
[Round "2"]
[White "ilya261991"]
[Black "severomorskij"]
[Result "1-0"]
[WhiteElo "2453"]
[BlackElo "2589"]
[TimeControl "180+2"]
[EndTime "11:18:30 PDT"]
[Termination "ilya261991 won by resignation"]

1. d4 Nf6 2. c4 e6 3. Nf3 d5 4.
Nc3 Bb4 5. e3 O-O 6. Bd3 c5 7.
O-O Nc6 8. cxd5 exd5 9. dxc5 Bg4 10. Na4 Qe7 11. a3 Bxc5 12. Nxc5 Qxc5 13. Be2 Ne4 14. b4 Qc3 15. Rb1 Bxf3 16. Bxf3 Qe5 17. Bb2 Qg5 18. Rc1 a6 19. Qd3 Rfe8 20. Rfd1 Rad8 21. b5 axb5 22. Qxb5 Ne5 23. Bxe4 dxe4 24. Bxe5 Rxd1+ 25. Rxd1 Rxe5 26. Qxe5 1-0

[Event "*** Titled Tuesday 3|2 Blitz"]
[Site "Chess.com"]
[Date "2016.09.06"]
[Round "2"]
[White "RamonManon0g"]
[Black "NTBT_DHS"]
[Result "0-1"]
[WhiteElo "2198"]
[BlackElo "2526"]
[TimeControl "180+2"]
[EndTime "11:19:12 PDT"]
[Termination "NTBT_DHS won by checkmate"]

1. d4 Nf6 2. c4 g6 3. Nc3 Bg7 4. e4 d6 5. Nf3 O-O 6. Be2 e5 7.
O-O Nc6 8. d5 Ne7 9. Ne1 Nd7 10.
Be3 f5 11. f3 f4 12. Bf2 g5 13. a4 Ng6 14. a5 a6 15. c5 Nf6 16. cxd6 cxd6 17. Na4 g4 18. Rc1 g3 19. hxg3 fxg3 20. Bxg3 Nh5 21. Bf2 Bh6 22. Nb6 Bxc1 23. Qxc1 Ngf4 24.
Qd2 Qg5 25. Kh1 Rf6 26. g4 Rh6 27. Ng2 Ng3+ 28. Kg1 Rh1# 0-1

[Event "*** Titled Tuesday 3|2 Blitz"]
[Site "Chess.com"]
[Date "2016.09.06"]
[Round "2"]
[White "ZapataCharlesS"]
[Black "WinnieTPooh"]
[Result "1-0"]
[WhiteElo "2591"]
[BlackElo "1830"]
[TimeControl "180+2"]
[EndTime "11:19:46 PDT"]
[Termination "ZapataCharlesS won by resignation"]

1. e4 c5 2. c3 Nf6 3. e5 Nd5 4. d4 d6 5. exd6 Qxd6 6. Nf3 Nc6 7. Be2 cxd4 8. cxd4 Bg4 9. O-O e6 10. Qa4 Qb4 11. Qd1 Bxf3 12. Bxf3 Qxd4 13. Qe2 O-O-O 14.
Nc3 Nxc3 15. bxc3 Qxc3 16. Rb1 Bd6 17. Be3 Qe5 18. g3 Rd7 19. Bxc6 bxc6 20. Qa6+ Kd8 21.
Bf4 Qc5 22. Rfc1 Qd4 23. Rd1 Qe4 24. Bxd6 Rxd6 25. Rxd6+ Ke7 26. Rbd1 1-0

[Event "*** Titled Tuesday 3|2 Blitz"]
[Site "Chess.com"]
[Date "2016.09.06"]
[Round "2"]
[White "mwpchess"]
[Black "DeviatkinAndrey"]
[Result "1/2-1/2"]
[WhiteElo "2449"]
[BlackElo "2604"]
[TimeControl "180+2"]
[EndTime "11:19:52 PDT"]
[Termination "Game drawn by agreement"]

1. e4 c6 2. d4 d5 3. e5 c5 4. dxc5 Nc6 5. Nf3 Bg4 6. Bb5 e6 7. Be3 Ne7 8. Bd4 Nf5 9. c3 a6 10.
Bxc6+ bxc6 11. h3 Bxf3 12. Qxf3 Rb8 13. Qe2 Qa5 14. O-O Bxc5 15. Bxc5 Qxc5 16. Qxa6 O-O 17. b4 Qb6 18. Qxb6 Rxb6 19. Nd2 d4 20. cxd4 Rxb4 21. Nf3 Nxd4 22. Nxd4 Rxd4 23. Rfc1 Ra8 24. Rxc6 g5 25. Rcc1 1/2-1/2

[Event "*** Titled Tuesday 3|2 Blitz"]
[Site "Chess.com"]
[Date "2016.09.06"]
[Round "2"]
[White "hypert"]
[Black "Usurpov"]
[Result "1-0"]
[WhiteElo "2343"]
[BlackElo "2320"]
[TimeControl "180+2"]
[EndTime "11:20:06 PDT"]
[Termination "hypert won by resignation"]

1. d4 Nf6 2. g3 g6 3. Bg2 d5 4. Nd2 Bg7 5. c4 dxc4 6. Nxc4 O-O 7.
Nf3 Nc6 8. O-O Be6 9. Nce5 Bd5 10. b3 a5 11. Bb2 a4 12. Nd3 Ne4 13. Nfe5 a3 14. Bc1 Nxd4 15. Re1 Nc3 16. Qd2 Bxg2 17. Kxg2 Qd5+ 18. f3 Bxe5 19. Nxe5 Ne6 20. Qxc3 1-0

[Event "*** Titled Tuesday 3|2 Blitz"]
[Site "Chess.com"]
[Date "2016.09.06"]
[Round "2"]
[White "biostatistician"]
[Black "ZEN-22"]
[Result "1-0"]
[WhiteElo "2382"]
[BlackElo "2267"]
[TimeControl "180+2"]
[EndTime "11:20:12 PDT"]
[Termination "biostatistician won by resignation"]

1. d4 e6 2. Nf3 c5 3. e3 d5 4. c4 cxd4 5. exd4 Nf6 6. Nc3 a6 7. Bg5 dxc4 8. Bxc4 h6 9. Bxf6 Qxf6 10. O-O Bb4 11.
Qa4+ Nc6 12. d5 exd5 13. Nxd5 Qd6 14. Rad1 O-O 15. Nb6 Qc5 16. Nxa8 Qxc4 17. Nb6 Qe6 18. a3 Bc5 19. Nxc8 Rxc8 20. Rfe1 Qf6 21. b4 Bb6 22. Rc1 Rd8 23. Qc2 Nd4 24. Nxd4 Bxd4 25. Rf1 g6 26. Rcd1 Rd6 27. Rd2 Rc6 28. Qe4 Bb6 29. g3 Kg7 30.
Kg2 h5 31. h4 a5 32. Re1 axb4 33. axb4 Re6 34. Qb1 Rxe1 35. Qxe1 Bd4 36. Re2 Bc3 37. Qb1 Qc6+ 38. Kg1 Bd4 39. Qe4 Qb6 40. b5 Qxb5 41. Qxd4+ Kh7 42. Re7 1-0

[Event "*** Titled Tuesday 3|2 Blitz"]
[Site "Chess.com"]
[Date "2016.09.06"]
[Round "2"]
[White "Sinquefield"]
[Black "Saitama_Hero"]
[Result "0-1"]
[WhiteElo "2007"]
[BlackElo "2271"]
[TimeControl "180+2"]
[EndTime "11:20:29 PDT"]
[Termination "Saitama_Hero won by resignation"]

1. e4 c5 2. Nf3 Nc6 3. d4 cxd4 4.
Nxd4 Nf6 5. Nc3 d6 6. Bc4 e6 7.
Bb3 Be7 8. Be3 O-O 9. Qe2 a6 10.
O-O-O Qc7 11. Rhg1 Na5 12. g4 b5 13. g5 Nd7 14. Bxe6 fxe6 15. Nxe6 Qc4 16. Qxc4 Nxc4 17. Nxf8 Bxf8 18. Bd4 Nde5 19. Rg3 Be6 20. f4 Nc6 21. Bf2 g6 22. b3 Na3 23. Nd5 Rc8 24. Kb2 b4 25. c4 Bxd5 26. exd5 Bg7+ 27. Kc1 Ne7 28. Bd4 Bxd4 29. Rxd4 Nf5 0-1

[Event "*** Titled Tuesday 3|2 Blitz"]
[Site "Chess.com"]
[Date "2016.09.06"]
[Round "2"]
[White "Makalexa"]
[Black "Drags95"]
[Result "0-1"]
[WhiteElo "2176"]
[BlackElo "2376"]
[TimeControl "180+2"]
[EndTime "11:20:32 PDT"]
[Termination "Drags95 won by resignation"]

1. e4 e5 2. Nf3 Nc6 3. Bb5 a6 4. Ba4 Nf6 5. O-O Be7 6. Re1 b5 7. Bb3 d6 8. a4 b4 9. d3 O-O 10. Nbd2 Na5 11. Ba2 c5 12. Nc4 Nc6 13. Ne3 Be6 14.
Nf5 Re8 15. Ng5 Bxa2 16. Rxa2 Bf8 17. f4 g6 18. fxe5 Nxe5 19. Ng3 d5 20. exd5 Qxd5 21.
Ra1 Bg7 22. h3 Re7 23. Kh2 Rae8 24. Bd2 h6 25. N5e4 Nxe4 26. dxe4 Qc6 27. Bf4 Nc4 28.
Qg4 Nxb2 29. e5 Nc4 30. Rad1 Nxe5 31. Bxe5 Rxe5 32. Rf1 Qe6 33. Qf3 Re3 34. Qf2 Rxg3 35. Kxg3 Be5+ 36. Kf3 Qf5+ 37. Ke2 Bd4+ 0-1

[Event "*** Titled Tuesday 3|2 Blitz"]
[Site "Chess.com"]
[Date "2016.09.06"]
[Round "2"]
[White "Blitzstream"]
[Black "MattyDPerrine"]
[Result "1-0"]
[WhiteElo "2550"]
[BlackElo "2203"]
[TimeControl "180+2"]
[EndTime "11:20:42 PDT"]
[Termination "Blitzstream won on time"]

1. d4 Nf6 2. Bg5 Ne4 3. Bh4 d5 4. f3 Nd6 5. Nd2 Nf5 6. Bf2 c5 7. dxc5 d4 8. g4 Ne3 9. Bxe3 dxe3 10. Nc4 Qc7 11. Nxe3 Qxc5 12. Qd3 Nc6 13. O-O-O Be6 14. Nd5 Rc8 15. e4 g6 16. Ne2 Bh6+ 17. Kb1 O-O 18.
Nec3 Rfd8 19. Qb5 Qf2 20. Be2 1-0

[Event "*** Titled Tuesday 3|2 Blitz"]
[Site "Chess.com"]
[Date "2016.09.06"]
[Round "2"]
[White "Iball95"]
[Black "joppie2"]
[Result "1-0"]
[WhiteElo "2537"]
[BlackElo "2503"]
[TimeControl "180+2"]
[EndTime "11:20:49 PDT"]
[Termination "Iball95 won by resignation"]

1. e4 e5 2. Nf3 Nc6 3. Nc3 d6 4.
d4 exd4 5. Nxd4 Bd7 6. Bb5 Nge7 7. O-O g6 8. Nd5 Bg7 9. Bg5 Qc8 10. Nf6+ Kf8 11.
Nxd7+ Qxd7 12. c3 a6 13. Ba4 h6 14. Bxe7+ Kxe7 15. f4 b5 16. Bb3 Nxd4 17. cxd4 Rhe8 18. f5 Rf8 19. Kh1 c5 20. e5 dxe5 21. dxe5 Qxd1 22.
f6+ Ke8 23. Raxd1 Bh8 24. Bd5 Rc8 25. Bb7 Rc7 26. Bxa6 1-0

[Event "*** Titled Tuesday 3|2 Blitz"]
[Site "Chess.com"]
[Date "2016.09.06"]
[Round "2"]
[White "SavelijTartakover"]
[Black "viktorskliarov"]
[Result "0-1"]
[WhiteElo "2499"]
[BlackElo "2442"]
[TimeControl "180+2"]
[EndTime "11:20:55 PDT"]
[Termination "viktorskliarov won by checkmate"]

1. d4 Nf6 2. Nf3 e6 3. c4 c5 4. d5 exd5 5. cxd5 d6 6. Nc3 g6 7. Nd2 Bg7 8. Nc4 O-O 9. Bf4 Ne8 10. Qd2 Na6 11. e3 Nac7 12. a4 Rb8 13. Ne4 b5 14. Ncxd6 Nxd6 15. Bxd6 Re8 16. Bd3 Bf5 17. Bxc7 Qxc7 18.
Ng3 Bxd3 19. Qxd3 Bxb2 20. Rb1 Qa5+ 21. Ke2 bxa4 22. Ne4 a3 23. Kf3 Bg7 24. d6 a2 25.
d7 axb1=Q 26. dxe8=Q+ Rxe8 27. Rxb1 Qa4 28. Qd5 Kh8 29.
Ng5 h5 30. Rb7 Qg4# 0-1